 Dungeon Crawl Stone Soup version 0.19.4-8-ga85b6b9 (webtiles) character file.

105 vatarom the Shield-Bearer (level 4, -3/35 HPs)
             Began as a Demonspawn Fighter on Feb 13, 2017.
             Killed by divine providence
             ... invoked by an orc priest
              (13 damage)
             ... on level 5 of the Dungeon.
             The game lasted 00:04:20 (1589 turns).

vatarom the Shield-Bearer (Demonspawn Fighter)      Turns: 1589, Time: 00:04:21

Health: -3/35      AC:  7    Str: 16    XL:     4   Next: 53%
Magic:  4/4        EV:  7    Int:  9    God:
Gold:   68         SH: 10    Dex: 14    Spells: 0 memorised, 3 levels left

rFire  . . .     SeeInvis .     a - +0 war axe
rCold  . . .     Gourm    .     b - +0 scale mail
rNeg   . . .     Faith    .     c - +1 shield
rPois  .         Spirit   .     (helmet restricted)
rElec  .         Reflect  .     (no cloak)
rCorr  .         Harm     .     (no gloves)
MR     .....                    j - +0 pair of boots
Stlth  ..........               (no amulet)
                                (no ring)
                                (no ring)

@: lethally poisoned (-3 -> -5), very slightly contaminated
A: antennae 1, demonic guardian 1, mutation resistance 1, powered by death 1
a: no special abilities


You were on level 5 of the Dungeon.
You were not hungry.

You visited 1 branch of the dungeon, and saw 5 of its levels.

You collected 68 gold pieces.

Inventory:

Hand Weapons
 a - a +0 war axe (weapon)
Armour
 b - a +0 scale mail (worn)
 c - a +1 shield (worn)
 j - a +0 pair of boots (worn)
Wands
 l - a wand of digging (10/24)
Scrolls
 f - a scroll of enchant weapon {unknown}
 h - a scroll of amnesia
 k - 4 scrolls of identify
Potions
 d - a potion of might
 e - a potion of haste
 m - a potion of invisibility
Comestibles
 g - 5 meat rations


   Skills:
 - Level 3.0 Fighting
 - Level 2.6 Axes
 - Level 2.6 Armour
 + Level 4.4 Shields


You had 3 spell levels left.
You didn't know any spells.

Dungeon Overview and Level Annotations

Branches:
Dungeon (6/15)
 Temple: D:4-7

Altars:
Ashenzari
Fedhas
Hepliaklqana
Vehumet


Innate Abilities, Weirdness & Mutations

You have a pair of small antennae on your head.
A weak demonic guardian rushes to your aid.
You regenerate a little health from kills.
You are somewhat resistant to further mutation.


Message History

You feel sick. The worker ant barely misses you.
The worker ant bites you but does no damage.
You hit the worker ant.
You kill the worker ant!
You feel sick.
You feel sick.
You see here a worker ant corpse.
You feel sick.
Found a stone staircase leading up.
You feel sick.
There is a stone staircase leading up here.
You climb upwards.
The orc shouts! x3; The orc priest shouts!
An orc priest comes into view.
There is a stone staircase leading down here.
You feel sick.
The orc priest looks braver for a moment.
The orc priest invokes the aid of Beogh against you.
Beogh smites you!
You die...

###############
#...o..........
#oo..........#.
#.......5......
#.o.o..@.....#
#######+###..#


You could see 2 orc priests, 3 orcs and a friendly quasit.

Vanquished Creatures
  2 worker ants (D:6)
  2 adders (D:2)
  A worm (D:3)
  2 leopard geckos
  An orc (D:6)
  A ball python (D:1)
  3 giant cockroaches
  6 goblins
  3 hobgoblins
  3 jackals (D:2)
  5 kobolds
  4 bats (D:1)
  3 frilled lizards (D:1)
  4 rats
40 creatures vanquished.

Notes
Turn   | Place    | Note
-------+----------+-------------------------------------------
     0 | D:1      | vatarom the Demonspawn Fighter began the quest for the Orb.
     0 | D:1      | Reached XP level 1. HP: 18/18 MP: 1/1
   166 | D:1      | Gained mutation: You regenerate a little health from kills. [demonic ancestry]
   166 | D:1      | Reached XP level 2. HP: 24/24 MP: 2/2
   890 | D:2      | Found a shattered altar of Ashenzari.
   897 | D:2      | Reached skill level 3 in Shields
   914 | D:2      | Found a faded altar of an unknown god.
   914 | D:2      | Found a faded altar of an unknown god.
   919 | D:2      | Found a faded altar of an unknown god.
   921 | D:2      | Found a faded altar of an unknown god.
   922 | D:2      | Found a radiant altar of Vehumet.
   976 | D:2      | Found a hazy altar of Hepliaklqana.
  1005 | D:2      | Gained mutation: A weak demonic guardian rushes to your aid. [demonic ancestry]
  1005 | D:2      | Reached XP level 3. HP: 29/29 MP: 3/3
  1018 | D:2      | Found a blossoming altar of Fedhas.
  1502 | D:3      | Gained mutation: You are somewhat resistant to further mutation. [potion of beneficial mutation]
  1514 | D:3      | You fall through a shaft for 3 floors!
  1523 | D:6      | Noticed an orc warrior
  1530 | D:6      | Reached skill level 4 in Shields
  1530 | D:6      | Gained mutation: You have a pair of small antennae on your head. [demonic ancestry]
  1530 | D:6      | Reached XP level 4. HP: 26/35 MP: 4/4
  1588 | D:5      | Entered Level 5 of the Dungeon
  1589 | D:5      | Killed from afar by an orc priest

Skill      XL: |  1  2  3 |
---------------+----------+-----
Axes           | 2 |  2.6
Shields        | 3 4 |  4.4
Fighting       | |  3.0
Armour         | |  2.6

Action                   |  1- 3 |  4- 6 || total
-------------------------+-------+-------++-------
Melee: War axe           |   123 |    11 ||   134
  Use: Scroll            |     7 |     1 ||     8
       Potion            |     5 |       ||     5
 Stab: Invisible         |     2 |       ||     2
  Eat: Bread ration      |     1 |       ||     1
Armor: Scale mail        |    80 |     4 ||    84
Dodge: Dodged            |    34 |     7 ||    41
Block: Shield            |    74 |    13 ||    87
